Workbook

Sheet Tutorial Question
A1: Create your tutorial question in this sheet
A14: Incitec Pivot dispatch two million tonnes of fertilizer each year and over 200 hundred business partners rely on these products
A16: Big N Production Q4 Budget
A18: Incitec Pivot creates the Big N nitrogen fertiliser. The unit sales required for delivery each month is below in kilograms
A20: October | B20: 330000
A21: November | B21: 270000
A22: December | B22: 250000
A23: January | B23: 380000
A25: Incitec Pivot policy is that ending inventories for each month is 15 per cent of next month's sales. September ending inventory was 15 per cent of next months sales.
A27: Prepare a production budget for Q4. Show the number of units that should be produced and a quarter total
A30: Prepare a sales budget for the above unit sales required and percentage of Nitrogen and Hydrogen in total sales. A kilogram per Big N is $150/kg

Sheet Solution
A2: Production Budget
C3: October | D3: November | E3: December | F3: Q4 Total
A4: Sales Units BIG N | C4: ='Tutorial Question'!B20 -> 330000 | D4: ='Tutorial Question'!B21 -> 270000 | E4: ='Tutorial Question'!B22 -> 250000 | F4: =SUM(C4:E4) -> 850000
A6: Desired ending inventory | C6: =SUM('Tutorial Question'!B21*15%) -> 40500 | D6: ='Tutorial Question'!B22*15% -> 37500 | E6: ='Tutorial Question'!B23*15% -> 57000 | F6: =SUM(C6:E6) -> 135000
A7: Total needed | C7: =SUM(C4:C6) -> 370500 | D7: =SUM(D4:D6) -> 307500 | E7: =SUM(E4:E6) -> 307000 | F7: =SUM(F4:F6) -> 985000
A8: Less Beginning Inventory | C8: 49500 | D8: =C6 -> 40500 | E8: =D6 -> 37500 | F8: =SUM(C8:E8) -> 127500
A9: Units to be produced | C9: =C7-C8 -> 321000 | D9: =D7-D8 -> 267000 | E9: =E7-E8 -> 269500 | F9: =F7-F8 -> 857500
A12: Sales Budget | B12: Big N | C12: =G13 -> Nitrogen | D12: =G14 -> Hydrogen | G12: 150 | H12: p/KG
G13: Nitrogen | H13: 0.8225
A14: October | B14: =C4*G12 -> 49500000 | C14: =C4*H13 -> 271425 | D14: =C4*H14 -> 58575 | G14: Hydrogen | H14: 0.1775
A15: November | B15: =D4*G12 -> 40500000 | C15: =D4*H13 -> 222075 | D15: =D4*H14 -> 47925
A16: December | B16: =E4*G12 -> 37500000 | C16: =E4*H13 -> 205625 | D16: =E4*H14 -> 44375

Sheet Feedback
A1: Include the feedback from your peers in this sheet
A3: Peer reviewer's name | B3: Feedback about the quality of your question | D3: Feedback about the correctness of your solution
B4: Rating out of 5 | C4: Comments on the quality
A5: Leigh Scherer | B5: 3 | C5: Good question and solution. | D5: I am not sure if I am wrong but I think the ending inventory should be the ending inventory for the month- 57,000, and beginning inventory should be 45,000 ? So total for QTR would be 862000
A6: Christie Hinchcliffe | B6: 4 | C6: Hi! Good question, nice and simple yet still requiring the use of knowledge learned from chapter 7 of our text. You had the required information to answer except you listed the starting balance for September which I believe should have been the starting balance of October or the ending balance for September (which would have been 49 500 according to the required amount for October sales?). On a much less important note you have spelt January incorrectly :) sorry if I'm being too particular, no offense intended I would blame excel not having autocorrect, I will have to recheck mine now lol. | D6: According to the given information your answer is spot on. The only thing that would change is the October figures if you intend to rewrite the September opening balance. Great work :)

Sheet Feedback to others
A1: Include the feedback that YOU gave TO your peers in this sheet
A3: The name of the person that YOU gave feedback to | B3: Feedback about the quality of their question | D3: Feedback about the correctness of your solution
B4: Rating out of 5 | C4: Comments on the quality
A5: Rebecca Ramsey | B5: 4 out of 5 | C5: That’s a great question and I like how you have broken it up into three separate parts. It covers all aspects of relevant and irrelevan costs for decision making | D5: I was looking through the second question and got myself a bit confused. If you are comparing the two cost basis wouldn’t the first scenario of making the chairs still incur 70% of the fixed overhead costs. Therefore the comparison would need to include the 70% of the fixed overhead costs and not 30%
A6: Nomindari Bolor | B6: 4 out of 5 | C6: It’s a great example and shows the comparison of eliminating product A. Maybe you could add in a comment of what the common fixed costs relate to and why they are relevant to both products | D6: The outcome is correct and it seems either scenario is not ideal for the company. Maybe you could explain why Product b would decline if there is no product A. Maybe it would be the opposite and Product B would increase being that there isnt a product A.
A7: Tanya Clark | B7: 4 out of 5 | C7: It was a great question which was easy to follow from the start to the finish. | D7: My feedback would be around question 4 and 5. Why would the fixed overhead drop if there ordered the 20000 froken pizza bases? I would of though fixed costs would remain the same.
